 Dungeon Crawl Stone Soup version 0.9-a1-313-gca43291 character file.

115 vogonpoet the Ducker (level 2, 0/10 HPs)
             Began as a Felid Transmuter on June 1, 2011.
             Succumbed to a snake's poison
             ... on Level 2 of the Dungeon.
             The game lasted 00:04:30 (1307 turns).

vogonpoet the Ducker (Felid Transmuter)             Turns: 1307, Time: 00:04:30

HP   0/10        AC  1     Str  6 Exp: 2/28 (0), need: 19
MP   4/4         EV 18     Int 14      God:
Gold 96          SH  0     Dex 16      Spells:  2 memorised,  2 levels left
Lives: 0, deaths: 0

Res.Fire  : . . .   See Invis. : +     - Unarmed
Res.Cold  : . . .   Warding    : . . (armour unavailable)
Life Prot.: . . .   Conserve   : .   (shield unavailable)
Res.Acid. : . . .   Res.Corr.  : .   (helmet unavailable)
Res.Poison: .       Clarity    : .   (cloak unavailable)
Res.Elec. : .       Spirit.Shd : .   (gloves unavailable)
Sust.Abil.: . .     Stasis     : .   (boots unavailable)
Res.Mut.  : .       Ctrl.Telep.: .   (no amulet)
Res.Rott. : .       Levitation : .   (no ring)
Saprovore : . . .   Ctrl.Flight: .   (no ring)

@: mildly poisoned, quick, slightly resistant to hostile enchantments, fairly
stealthy
A: paw claws, no armour, no advanced items, fangs 3, see invisible, carnivore 3,
speed 1, -40% hp, slow metabolism 2, AC +1
a: no special abilities


You were on level 2 of the Dungeon.
You were not hungry.

You visited 1 branch of the dungeon, and saw 2 of its levels.

You collected 76 gold pieces.

Inventory:

Missiles
 b - 12 +0 arrows
Magical devices
 q - a wand of magic darts (10) {unknown}
Comestibles
 a - a meat ration
Scrolls
 g - a scroll of teleportation {unknown}
 i - a scroll of identify {unknown}
 k - a scroll of curse armour {unknown}
 n - a scroll of random uselessness {unknown}
 o - a scroll of detect curse {unknown}
 p - a scroll of magic mapping {unknown}
Potions
 c - a potion of healing {unknown}
 e - 5 potions of confusion
 f - 4 potions of poison
 h - 2 potions of invisibility {unknown}
 j - a potion of water
 l - a potion of magic {unknown}
 m - a potion of brilliance {unknown}
Books
 d - a book of Changes

   Spells                             Type                      Level
   *Fulsome Distillation              Transmutation/Necromancy     1
   Sticks to Snakes                   Transmutation                2
   *Evaporate                         Fire/Transmutation           2
   Spider Form                        Transmutation/Poison         3
   Ice Form                           Ice/Transmutation            4
   Blade Hands                        Transmutation                5
   You had 0 experience left.


   Skills:
 - Level 3 Dodging
 + Level 2 Unarmed Combat
 + Level 2 Spellcasting
 + Level 2 Transmutations


You had 2 spell levels left.
You knew the following spells:

 Your Spells              Type           Power        Success   Level  Hunger
a - Fulsome Distillation Trmt/Necr N/A            Very         Good        1    Strawberry
b - Evaporate             Fire/Trmt      #.........   Good        2    Choko

Dungeon Overview and Level Annotations

Branches:
Dungeon (2/27)

Altars:


Innate Abilities, Weirdness & Mutations

You cannot wear armour.
You are incapable of any advanced item manipulation.
Your paws have sharp claws.
You have razor-sharp teeth.
You have supernaturally acute eyesight.
You are carnivorous and can eat meat at any time.
You cover ground quickly.
You are extremely frail (-40% HP).
You are covered in fur (AC +1).
You have a slow metabolism.


Message History

You barely miss the snake. The snake bites you.
You scratch the snake.
The snake is lightly wounded.
The snake begins to bleed from its wounds!
The snake closely misses you.
You closely miss the snake. You bite the snake, but do no damage.
The snake is moderately wounded.
The snake bites you.
* * * LOW HITPOINT WARNING * * *
You closely miss the snake. The snake completely misses you.
The snake closely misses you.
You closely miss the snake. The snake misses you.
You barely miss the snake. Your bite misses the snake.
The snake is no longer bleeding.
The snake barely misses you.
You miss the snake. Your bite misses the snake. The snake misses you.
The snake bites you.
The snake's bite was poisonous!
You are poisoned.
* * * LOW HITPOINT WARNING * * *
You barely miss the snake.
You die...

#. ....#.
.##g###.#..
........#.#
#...<...###.#
#...........# #.#
### ####### #.# #<#
#.....# #S# #.#
#.###.# ###@# #.#
#.#.... #...# #.#
#.#.### #.### #%#
#.#.# #.# #.# #.#.#
#.# #.######.#.#
#.#####....)...#.#
#.#.........####.#
#.#.####^##.# #.#
#.#.#.......####.##


You could see a snake.

Vanquished Creatures
  6 hobgoblins
  An ooze (D:1)
  3 bats
  2 giant newts
  A goblin (D:1)
  3 kobolds (D:1)
  4 rats
20 creatures vanquished.

Vanquished Creatures (others)
  A rat (D:2)
1 creature vanquished.

Grand Total: 21 creatures vanquished

Notes
Turn   | Place    | Note
--------------------------------------------------------------
     0 | D:1      | vogonpoet, the Felid Transmuter, began the quest for the Orb.
     0 | D:1      | Reached XP level 1. HP: 7/7 MP: 1/1
     2 | D:1      | Learned a level 1 spell: Fulsome Distillation
    46 | D:1      | Reached skill level 3 in Dodging
   700 | D:1      | Reached XP level 2. HP: 7/10 MP: 1/4
   709 | D:1      | Learned a level 2 spell: Evaporate
  1307 | D:2      | Succumbed to a snake's poison
